 Dungeon Crawl Stone Soup version 0.16.1-16-gc44b35d (webtiles) character file.

133 Chiseanne the Covert (level 4, -2/22 HPs)
             Began as a Spriggan Assassin on Apr 21, 2015.
             Slain by an ogre
             ... wielding a cursed -3 giant club
              (23 damage)
             ... on level 4 of the Dungeon.
             The game lasted 00:06:07 (2594 turns).

Chiseanne the Covert (Spriggan Assassin)            Turns: 2594, Time: 00:06:08

Health: -2/22      AC:  3    Str:  7    XL:     4   Next: 93%
Magic:  8/8        EV: 17    Int: 12    God:
Gold:   84         SH:  0    Dex: 18    Spells: 0 memorised, 3 levels left

rFire  . . .     SeeInvis +     a - +2 dagger
rCold  . . .     Clarity  .     c - +0 robe
rNeg   . . .     SustAb   .     (shield restricted)
rPois  .         Gourm    .     (helmet restricted)
rElec  .         Spirit   .     d - +0 cloak
rCorr  .         Warding  .     (gloves unavailable)
rMut   .         Stasis   .     (boots unavailable)
MR     .....                    (no amulet)
Stlth  +++++.....               (no ring)
                                (no ring)

@: very quick, not resistant to hostile enchantments, quite stealthy
A: unfitting armour, see invisible, herbivore 3, speed 3, slow metabolism 2
a: no special abilities


You were on level 4 of the Dungeon.
You were not hungry.

You visited 1 branch of the dungeon, and saw 4 of its levels.

You collected 84 gold pieces.

Inventory:

Hand weapons
 a - a +2 dagger (weapon)
 w - a +0 blowgun
 A - a +2 hunting sling of flaming
Missiles
 e - 34 poisoned needles
 f - 2 curare-tipped needles
 j - 42 arrows
 v - 13 arrows of frost
Armour
 c - a +0 robe (worn)
 d - a +0 cloak (worn)
Jewellery
 i - an uncursed amulet of regeneration {unknown}
Scrolls
 b - a scroll of amnesia {unknown}
 h - 2 scrolls of fear
 k - 2 scrolls of teleportation {unknown}
 l - a scroll of blinking {unknown}
 o - a scroll of identify {unknown}
 q - a scroll of remove curse {unknown}
 r - a scroll of noise {unknown}
 s - a scroll of random uselessness {unknown}
 y - 2 scrolls of enchant weapon {unknown}
 z - a scroll of fog {unknown}
Potions
 m - a potion of restore abilities {unknown}
 n - a potion of cure mutation {unknown}
 p - 3 potions of heal wounds {unknown}
 t - a potion of beneficial mutation {unknown}
 u - a potion of brilliance {unknown}
 x - 2 potions of curing {unknown}
Comestibles
 g - 2 bread rations


   Skills:
 - Level 1.5 Fighting
 - Level 2.1 Short Blades
 - Level 2.1 Throwing
 - Level 1.5 Dodging
 * Level 9.5 Stealth


You had 3 spell levels left.
You didn't know any spells.

Dungeon Overview and Level Annotations

Branches:
Dungeon (4/15)
 Temple: D:4-7

Altars:
Ashenzari
Gozag
Qazlal

Annotations:
D:3 Chiseanne's ghost, average SpAs


Innate Abilities, Weirdness & Mutations

You are tiny and cannot use many weapons and most armour.
You have supernaturally acute eyesight.
You are a herbivore.
You cover ground extremely quickly.
You need consume almost no food.


Message History

The orc throws a tomahawk.
The tomahawk closely misses you.
There is a stone staircase leading up here.
The orc shouts!
The orc throws a tomahawk.
The tomahawk closely misses you.
You climb upwards.
Level annotation: Chiseanne's ghost, average SpAs
There is a stone staircase leading down here.
The jackal barks!
There is a stone staircase leading down here.
You climb downwards.
A quokka, a kobold and an ogre come into view.
The kobold shouts!
The ogre shouts!
The kobold throws a stone.
The stone hits you but does no damage.
Found 14 gold pieces and 18 arrows.
There is a stone staircase leading up here.
You see here a stone.
The kobold throws a stone.
The stone hits you. The ogre hits you with a giant club!!
Ouch! That really hurt!
You die...

... .........
...........
....(........
#............
#....K.......
#............
#.............
#...O@........
#..$..........
#..r.........
...............
...............
.............
...........
.........
.........


You could see an ogre, a quokka and a kobold.

Vanquished Creatures
  A hound (D:3)
  5 adders
  A worm (D:3)
  5 giant geckos
  An orc (D:4)
  5 ball pythons
  5 bats
  4 giant cockroaches
  6 hobgoblins
  2 jackals (D:3)
  2 kobolds
  2 quokkas (D:3)
  3 giant newts
  3 goblins
  9 rats
54 creatures vanquished.

Notes
Turn   | Place    | Note
--------------------------------------------------------------
     0 | D:1      | Chiseanne, the Spriggan Assassin, began the quest for the Orb.
     0 | D:1      | Reached XP level 1. HP: 10/10 MP: 2/2
     8 | D:1      | Reached skill level 6 in Stealth
   216 | D:1      | Reached XP level 2. HP: 7/14 MP: 4/4
   475 | D:1      | Reached skill level 7 in Stealth
   860 | D:2      | Reached XP level 3. HP: 18/18 MP: 6/6
   877 | D:2      | Found a shattered altar of Ashenzari.
  1268 | D:3      | Found an opulent altar of Gozag.
  1344 | D:3      | Reached skill level 8 in Stealth
  1481 | D:3      | Noticed Chiseanne's ghost (average SpAs)
  1539 | D:3      | Reached XP level 4. HP: 22/22 MP: 8/8
  1748 | D:3      | Found a stormy altar of Qazlal.
  1826 | D:3      | Reached skill level 9 in Stealth
  2593 | D:4      | Noticed an ogre
  2594 | D:4      | Slain by an ogre

Action                   |  1- 3 |  4- 6 || total
-------------------------+-------+-------++-------
Melee: Dagger            |    75 |    34 ||   109
 Fire: Blowgun           |     5 |    18 ||    23
  Use: Scroll            |     1 |       ||     1
 Stab: Sleeping          |    12 |    10 ||    22
